 Dungeon Crawl Stone Soup version 0.31-a0-854-g362426d53f (webtiles) character file.

Game seed: 3184572068780528616

26884 Ge0ff the Marksoctopus (level 13, -4/93 HPs)
             Began as an Octopode Hexslinger on Oct 8, 2023.
             Was a High Priest of Okawaru.
             Slain by a sixfirhy (11 damage)
             ... summoned by an orc high priest
             ... on level 1 of the Orcish Mines.
             The game lasted 00:57:58 (22084 turns).

Ge0ff the Marksoctopus (Octopode Hexslinger)       Turns: 22084, Time: 00:57:58

Health: -4/93      AC:  3    Str: 13    XL:     13   Next: 28%
Magic:  0/19       EV: 22    Int: 22    God:    Okawaru [*****.]
Gold:   457        SH:  0    Dex: 24    Spells: 5/21 levels left

rFire   . . .        a - +0 orcbow
rCold   + . .        (shield currently unavailable)
rNeg    . . .        z - +2 hat
rPois   .            k - amulet of guardian spirit
rElec   .            Y - ring of resist corrosion
rCorr   +            Q - +5 ring of evasion
SInv    +            H - ring of protection from cold
Will    .....        h - +6 ring of intelligence
Stlth   ++++         d - +6 ring of strength
HPRegen 0.35/turn    i - ring "Tous Add" {Dex+5 SInv}
MPRegen 0.16/turn    (no ring)
                     (no ring)

%: guardian spirit
@: no status effects
A: almost no armour, amphibious, 8 rings, camouflage 1, gelatinous body 1,
(nimble swimmer 1), tentacles
a: Renounce Religion, Heroism, Finesse, Duel


You were on level 1 of the Orcish Mines.
You worshipped Okawaru.
Okawaru was extremely pleased with you.
You visited 4 branches of the dungeon, and saw 17 of its levels.
You also visited: Bailey.

You collected 1322 gold pieces.
You spent 865 gold pieces at shops.

Inventory:

Hand Weapons
 a - a +0 orcbow (weapon)
 b - a +2 dagger of venom
 n - a +1 sling
 p - a +2 dagger of electrocution
 G - a +1 spear of flaming
 S - a -1 eveningstar of venom
Missiles
 c - a silver javelin
 g - 4 throwing nets {=F}
 r - 4 atropa-tipped darts
 v - 5 curare-tipped darts {=F}
 y - 6 datura-tipped darts {=F}
 C - 67 poisoned darts
 D - 123 stones
 E - 22 boomerangs
Armour
 e - a +0 kite shield
 t - a +0 buckler
 z - a +2 hat (worn)
Jewellery
 d - a +6 ring of strength (on tentacle)
 h - a +6 ring of intelligence (on tentacle)
 i - the ring "Tous Add" (on tentacle) {Dex+5 SInv}
   (You bought it in a shop on level 4 of the Dungeon)

   [ring of see invisible]

   Dex+5:     It affects your dexterity (+5).
   SInv:      It lets you see invisible.
 k - an amulet of guardian spirit (around mantle)
 w - a ring of fire
 H - a ring of protection from cold (on tentacle)
 Q - a +5 ring of evasion (right tentacle)
 Y - a ring of resist corrosion (left tentacle)
Wands
 f - a wand of flame (37)
 j - a wand of quicksilver (1)
 s - a wand of mindburst (6)
 P - a wand of polymorph (6)
Scrolls
 l - a scroll of enchant weapon
 m - 2 scrolls of revelation
 u - a scroll of torment
 B - 4 scrolls of enchant armour
 F - a scroll of fog
 J - a scroll of silence {!r}
 T - a scroll of teleportation
 V - a scroll of vulnerability
Potions
 o - a potion of ambrosia
 q - 8 potions of curing
 x - 3 potions of degeneration {unknown}
 A - a potion of attraction
 I - a potion of invisibility
 K - 3 potions of mutation {unknown}
 L - a potion of lignification
 M - 3 potions of might
 N - 2 potions of brilliance {unknown}
 O - a potion of magic {unknown}
 R - a potion of cancellation {unknown}
 U - 2 potions of haste {unknown}
 W - 3 potions of heal wounds {!q}
 X - 5 potions of enlightenment
 Z - a potion of berserk rage {!q}


   Skills:
 + Level 10.5 Fighting
 + Level 15.0 Ranged Weapons
 + Level 0.2 Throwing
 - Level 5.0 Dodging
 - Level 3.0 Stealth
 - Level 3.0 Shields
 + Level 4.5 Spellcasting
 * Level 3.0 Conjurations
 - Level 6.0 Hexes
 + Level 2.0 Translocations
 * Level 3.0 Transmutations
 - Level 2.0 Fire Magic
 + Level 5.0 Invocations
 - Level 5.0 Evocations


You had 5 spell levels left.
You knew the following spells:

 Your Spells              Type           Power      Damage    Failure   Level
j - Inner Flame           Hex/Fire       22%        N/A       6%          3
p - Dimensional Bullseye  Hex/Tloc       11%        N/A       21%         4
s - Jinxbite              Hex            62%        N/A       1%          2
B - Blink                 Tloc           26%        N/A       7%          2
E - Irradiate             Conj/Tmut      9%         3d14      63%         5

Your spell library contained the following spells:

 Spells                   Type           Power      Damage    Failure   Level
 Sigil of Binding         Hex            31%        N/A       2%          3
 Wereblood                Tmut           18%        N/A       4%          2
 Lesser Beckoning         Tloc           26%        N/A       7%          2
 Cause Fear               Hex            15%        N/A       9%          4
 Gell's Gravitas          Tloc           13%        N/A       14%         3
 Teleport Other           Tloc           13%        N/A       14%         3
 Volatile Blastmotes      Fire/Tloc      26%        2d12      14%         3
 Fulminant Prism          Conj/Hex       12%        3d9       17%         4
 Iskenderun's Mystic Bla  Conj/Tloc      16%        2d5       36%         4
 Manifold Assault         Tloc           13%        N/A       43%         4
 Iskenderun's Battlesphe  Conj           18%        2d7       63%         5
 Fireball                 Conj/Fire      8%         3d6       71%         5
 Bombard                  Conj/Erth      5%         9d2       100%        6
 Dispersal                Tloc           6%         N/A       100%        6
 Spellforged Servitor     Conj/Summ      Unusable   N/A       N/A         7
 Dragon's Call            Summ           Unusable   N/A       N/A         9

Dungeon Overview and Level Annotations

Branches:
Dungeon (11/15) Zot: 24466  Temple (1/1) D:5 Zot: 5987    Lair (4/5) D:8 Zot: 19645
 Shoals (0/4) Lair:3       Spider (0/4) Lair:3          Orc (1/2) D:9 Zot: 5650
 Bailey (visited)
  Slime: Lair:4-5

Altars:
Ashenzari
Cheibriados
Dithmenos
Elyvilon
Fedhas
Gozag
Hepliaklqana
Kikubaaqudgha
Makhleb
Nemelex Xobeh
Okawaru
Qazlal
Ru
Sif Muna
Trog
Uskayaw
Vehumet
Wu Jian
Xom
Yredelemnul
Zin
The Shining One

Shops:
D:4 =   D:6 !   D:8 (

Annotations:
D:9 2 transporters, exclusion: downstairs, Domino's ghost, novice MiBe
D:10 2 transporters, exclusion: orange demon, Dirtsage's ghost, novice MiFi; Erolcha
D:11 dig


Innate Abilities, Weirdness & Mutations

You cannot wear most types of armour.
You are amphibious.
You can wear up to eight rings at the same time.
Your skin changes colour to match your surroundings (Stealth+).
Your rubbery body absorbs attacks. (AC +1, EV +1)
((You are camouflaged when in or above water. (Stealth+)))
You have tentacles for arms and can constrict up to eight enemies at once.


Message History

The sixfirhy is moderately wounded.
Your surroundings suddenly seem different.
The hellwing swoops through the air toward you!
The hellwing barely misses you. The hellwing hits you.
The hellwing completely misses you. x2
As you read the scroll of fog, it dissolves into smoke.
The sixfirhy completely misses you.
The orc warrior shoots an arrow.
The arrow hits you! The hellwing completely misses you.
The hellwing closely misses you. The hellwing attacks as it pursues you!
The hellwing hits you! The hellwing completely misses you.
Found a stone staircase leading down.
The sixfirhy barely misses you. The sixfirhy hits you! The sixfirhy shocks you!
The sixfirhy barely misses you. The sixfirhy hits you! The sixfirhy shocks you!
The orc shouts!
The orc high priest utters an invocation to Beogh.
You feel much better.
The orc shouts!
The orc high priest mumbles some strange prayers to Beogh.
The orc warrior shouts!
The orc sorcerer shouts!
The hellwing attacks as it pursues you! The hellwing completely misses you. x2
The sixfirhy hits you! The sixfirhy shocks you!
The hellwing swoops through the air toward you!
The hellwing barely misses you. The hellwing completely misses you.
The orc warrior throws a boomerang.
The boomerang completely misses you.
You shoot an arrow. The arrow closely misses the hellwing.
The sixfirhy barely misses you. The sixfirhy hits you. The sixfirhy shocks you!
* * * LOW HITPOINT WARNING * * *
The sixfirhy completely misses you.
The hellwing hits you but does no damage.
The hellwing closely misses you. The orc misses you.
The orc warrior shoots an arrow.
The arrow misses you.
You feel much better.
The orc high priest calls down the wrath of Beogh upon you.
You resist with significant effort. The hellwing hits you. x2
The orc completely misses you. The orc closely misses you.
The hellwing closely misses you. The hellwing misses you.
The orc hits you with a +0 trident.
The orc warrior shoots an arrow.
The arrow completely misses you.
Things that are here:
a +0 falchion; an orc skeleton The sixfirhy hits you.
The sixfirhy shocks you!
* * * LOW HITPOINT WARNING * * *
The sixfirhy hits you.
* * * LOW HITPOINT WARNING * * *
The sixfirhy shocks you!
* * * LOW HITPOINT WARNING * * *
The sixfirhy barely misses you. The orc misses you. The sixfirhy hits you!
You die...

...##$...##...
.......$..#.....
....#..............
......$..$............
........$...............
......$..#.$$...#......#
##$......3$..$..........
.......@4o.oo.$.........
..$....$3.o......#...^..
#.........o.#44..#..>...
..........o..#.4.......#
......$.......##.#.....#
.............##§3§# ..#
.....$.....o.#§o§##...##
#.............#§§##.....
..#.##.$$....#§§§§.....


You could see an orc high priest, 2 hellwings, a rust devil (summoned), a
sixfirhy (summoned), a neqoxec (summoned), an orc sorcerer, 2 orc warriors and 3
orcs.

Vanquished Creatures
  Snorg (D:10)
  An ice dragon (Lair:3)
  2 hydras
  5 two-headed ogres
  An elephant (Lair:3)
  A guardian serpent (Orc:1)
  A black mamba (Lair:2)
  3 orange demons (D:10)
  3 cane toads
  2 rime drakes (Lair:3)
  6 komodo dragons
  3 trolls
  Grinder (D:6)
  4 blink frogs (Lair:2)
  3 jumping spiders (Lair:3)
  36 yaks
  7 wyverns
  A redback (Lair:3)
  2 steam dragons (D:8)
  Edmund (D:5)
  3 wargs
  An acid dragon (D:11)
  6 water moccasins
  10 orc warriors
  3 ice beasts
  6 ogres
  15 wolves
  A centaur (D:11)
  8 kobold brigands
  A gnoll sergeant (D:9)
  5 bullfrogs
  3 scorpions (D:4)
  3 wights (D:9)
  4 killer bees (D:10)
  3 howler monkeys (D:9)
  A vampire bat (Lair:2)
  4 jellies
  8 orc priests
  A hound (D:6)
  3 gnoll boudas
  6 orc wizards
  6 hell rats (Lair:1)
  10 iguanas
  17 adders
  23 gnolls
  2 white imps
  5 dart slugs
  43 orcs
  7 ball pythons
  10 bats
  5 endoplasms
  5 giant cockroaches
  8 goblins
  7 hobgoblins
  2 jackals (D:2)
  7 quokkas
  2 frilled lizards
  27 kobolds
  7 rats
372 creatures vanquished.

Vanquished Creatures (collateral kills)
  2 yaks (D:11)
  2 orc warriors (Bailey)
  4 kobold brigands (Bailey)
8 creatures vanquished.

Vanquished Creatures (others)
  2 yaks (D:11)
2 creatures vanquished.

Grand Total: 382 creatures vanquished

Notes
Turn   | Place    | Note
-------+----------+-------------------------------------------
     0 | D:1      | Ge0ff the Octopode Hexslinger began the quest for the Orb.
     0 | D:1      | Reached XP level 1. HP: 13/13 MP: 2/2
    56 | D:1      | Found a faded altar of an unknown god.
   168 | D:1      | Reached XP level 2. HP: 18/18 MP: 3/3
   171 | D:1      | Learned a level 2 spell: Jinxbite
   420 | D:1      | Reached skill level 1 in Stealth
   655 | D:2      | Reached XP level 3. HP: 17/23 MP: 3/5
   937 | D:2      | Reached XP level 4. HP: 29/29 MP: 1/6
  1076 | D:2      | Reached skill level 3 in Ranged Weapons
  2456 | D:3      | Reached XP level 5. HP: 12/34 MP: 5/7
  3299 | D:3      | Reached skill level 4 in Ranged Weapons
  3303 | D:3      | Found a sacrificial altar of Ru.
  3668 | D:3      | Found a sacrificial altar of Ru.
  4427 | D:4      | Reached XP level 6. HP: 23/39 MP: 6/9
  4512 | D:4      | Learned a level 3 spell: Inner Flame
  4813 | D:4      | Found Joush's Jewellery Shoppe.
  5022 | D:4      | Noticed an air elemental
  5024 | D:4      | Found a stormy altar of Qazlal.
  5025 | D:4      | Noticed a fire elemental
  5025 | D:4      | Noticed a water elemental
  5297 | D:4      | Reached skill level 5 in Ranged Weapons
  5337 | D:4      | Reached XP level 7. HP: 45/45 MP: 10/10
  5376 | D:4      | Learned a level 4 spell: Dimensional Bullseye
  5684 | D:5      | Entered Level 5 of the Dungeon
  6117 | D:5      | Identified the +1 ring mail of the Taurataur {Dex+3}
  6250 | D:5      | Found a staircase to the Ecumenical Temple.
  6259 | Temple   | Entered the Ecumenical Temple
  6265 | Temple   | Became a worshipper of Warmaster Okawaru
  6371 | D:5      | Reached skill level 6 in Ranged Weapons
  6562 | D:5      | Found a shimmering blue altar of Sif Muna.
  7061 | D:6      | Noticed Grinder
  7226 | D:6      | Reached skill level 7 in Ranged Weapons
  7226 | D:6      | Reached XP level 8. HP: 50/50 MP: 9/12
  7289 | D:6      | Reached * piety under Okawaru
  7480 | D:6      | Noticed Edmund
  7508 | D:5      | Killed Edmund
  8127 | D:6      | Found Haedoen Xaog's Distillery.
  8137 | D:6      | Bought a potion of curing for 45 gold pieces
  8137 | D:6      | Bought a potion of heal wounds for 75 gold pieces
  8137 | D:6      | Bought a potion of invisibility for 120 gold pieces
  8488 | D:7      | Reached skill level 8 in Ranged Weapons
  8640 | D:7      | Reached skill level 1 in Evocations
  8705 | D:7      | Reached skill level 1 in Invocations
  9014 | D:7      | Reached skill level 9 in Ranged Weapons
  9243 | D:7      | Found a hide-covered altar of Uskayaw.
  9491 | D:7      | Reached XP level 9. HP: 54/56 MP: 11/13
 10059 | D:8      | Reached ** piety under Okawaru
 10102 | D:8      | Found Qinoxom's Weapon Boutique.
 10484 | D:8      | Noticed a komodo dragon
 10797 | D:8      | Found a glowing golden altar of the Shining One.
 10800 | D:8      | Found a basalt altar of Yredelemnul.
 10806 | D:8      | Noticed an angel
 10883 | D:8      | Reached skill level 10 in Ranged Weapons
 11284 | D:9      | Reached skill level 5 in Hexes
 11289 | D:9      | Reached skill level 5 in Fighting
 11289 | D:9      | Reached skill level 11 in Ranged Weapons
 11289 | D:9      | Reached XP level 10. HP: 66/66 MP: 12/14
 11291 | D:9      | Reached *** piety under Okawaru
 11524 | D:9      | Found a transporter.
 11532 | D:9      | Noticed Domino's ghost (novice MiBe)
 11927 | D:9      | Reached skill level 12 in Ranged Weapons
 12197 | D:9      | Found a staircase to the Orcish Mines.
 12403 | D:9      | Noticed a cyclops
 12407 | D:9      | Found a transporter.
 12439 | D:9      | Noticed a two-headed ogre
 12457 | D:9      | Killed a two-headed ogre
 12457 | D:9      | Reached **** piety under Okawaru
 12543 | D:9      | Reached XP level 11. HP: 61/72 MP: 13/15
 12879 | D:9      | Noticed a two-headed ogre
 12893 | D:9      | Killed a two-headed ogre
 13145 | D:6      | Killed Grinder
 13303 | D:10     | Entered Level 10 of the Dungeon
 13303 | D:10     | Noticed Snorg
 13359 | D:10     | Found a flagged portal.
 13381 | Bailey   | Entered a bailey
 13462 | Bailey   | Reached ***** piety under Okawaru
 13606 | Bailey   | Reached skill level 13 in Ranged Weapons
 13609 | Bailey   | Reached skill level 5 in Dodging
 13631 | Bailey   | Found a burning altar of Makhleb.
 13705 | D:10     | Noticed Dirtsage's ghost (novice MiFi)
 13710 | D:10     | Found a transporter.
 13790 | D:10     | Noticed a centaur warrior
 13905 | D:10     | Found a white marble altar of Elyvilon.
 13972 | D:10     | Found a transporter.
 14040 | D:10     | Killed Snorg
 14488 | D:10     | Received a gift from Okawaru
 14503 | D:10     | Reached skill level 1 in Shields
 14631 | D:10     | Noticed Erolcha
 15020 | D:11     | Learned a level 2 spell: Blink
 15026 | D:11     | Learned a level 5 spell: Irradiate
 15037 | D:11     | Noticed a two-headed ogre
 15065 | D:11     | Killed a two-headed ogre
 15098 | D:11     | Noticed a two-headed ogre
 15109 | D:11     | Killed a two-headed ogre
 15695 | D:11     | Reached skill level 14 in Ranged Weapons
 15695 | D:11     | Reached XP level 12. HP: 81/81 MP: 18/18
 16144 | D:8      | Received a gift from Okawaru
 16253 | D:8      | Found a staircase to the Lair.
 16535 | D:4      | Bought an amulet of guardian spirit for 300 gold pieces
 16739 | Lair:1   | Entered Level 1 of the Lair of Beasts
 16836 | Lair:1   | You fall into a shaft and drop 1 floor!
 17547 | Lair:1   | Reached skill level 5 in Evocations
 17853 | Lair:1   | Noticed a six-headed hydra
 17864 | Lair:1   | Killed a six-headed hydra
 17865 | Lair:1   | Reached skill level 5 in Invocations
 19038 | Lair:2   | Reached skill level 10 in Fighting
 19546 | Lair:3   | Found a staircase to the Shoals.
 20089 | Lair:3   | Noticed an eight-headed hydra
 20127 | Lair:3   | Killed an eight-headed hydra
 20128 | Lair:3   | Reached skill level 1 in Conjurations
 20128 | Lair:3   | Reached skill level 1 in Transmutations
 20128 | Lair:3   | Reached XP level 13. HP: 92/92 MP: 19/19
 20244 | Lair:3   | Received a gift from Okawaru
 20494 | D:4      | Bought the ring "Tous Add" {Dex+5 SInv} for 325 gold pieces
 20770 | Lair:3   | Noticed an ice dragon
 20794 | Lair:3   | Killed an ice dragon
 20795 | Lair:3   | Reached skill level 1 in Translocations
 21388 | Lair:3   | Found a hole to the Spider Nest.
 21468 | Lair:3   | Reached skill level 15 in Ranged Weapons
 21721 | Orc:1    | Entered Level 1 of the Orcish Mines
 21756 | Orc:1    | Noticed Harold
 21760 | Orc:1    | Harold changed into Harold the guardian serpent
 21760 | Orc:1    | Noticed Harold
 21768 | Orc:1    | Killed Harold the guardian serpent
 22084 | Orc:1    | Slain by a sixfirhy

Illustrated notes

Levels and vault maps discovered:
D:1:      lightli_arrival_lavapool, layout_rooms,
          hellmonk_ecumenical_altar_blasted
D:2:      layout_basic
D:3:      layout_basic, lemuel_coloured_pillars_altar, grunt_ministairs_7
D:4:      old_forge, layout_basic, nicolae_qazlal_style_of_elements,
          serial_shops, shop
D:5:      layout_basic, lemuel_blue_sif_altar, minmay_temple_entry_mist
D:6:      layout_layer_cave, serial_shops, shop,
          hangedman_decor_clover_reticule, uniq_edmund, uniq_grinder
D:7:      layout_basic, amcnicky_altar_gilded
D:8:      layout_cave_pools, grunt_temple_overflow_holy_war, erik_lair_dragon,
          serial_shops, nicolae_shop_waterfront, minivault_24
D:9:      layout_loops_ring, erik_orc_4, gammafunk_ghost_arena,
          minmay_diced_spiral
D:10:     layout_loops_cross, elyvilon_altar_4, gammafunk_ghost_arena,
          enter_bailey_5, minmay_beelzebubs_servants, uniq_snorg, uniq_erolcha
D:11:     layout_loops_ring, due_unseen_surprise
Temple:   hellmonk_temple_two_chambers
Lair:1:   beast_lair_carwin_large_3, layout_cave_pods, serial_bayou_shore_b
Lair:2:   layout_long_grid, roderic_batcave, grunt_megastairs_4,
          serial_bayou_shore_a
Lair:3:   dragon1_lemuel, layout_layer_cave, shoals_dummy_entry,
          spider_nest_entry_funnel_web
Lair:4:   layout_loops_ring, minmay_lair_oklob_bushes, grunt_megastairs_5
Orc:1:    layout_caves, uniq_harold

Skill      XL: |  1  2  3  4  5  6  7  8  9 10 11 12 13 |
---------------+----------------------------------------+-----
Stealth        | 1 2 3 |  3.0
Ranged Weapons | 3 4 5 7 9 11 12 14 15 | 15.0
Fighting       | 2 3 5 7 10 | 10.5
Spellcasting   | 2 3 4 |  4.5
Hexes          | 4 5 6 |  6.0
Fire Magic     | 2 |  2.0
Evocations     | 2 3 4 5 |  5.0
Invocations    | 2 3 4 5 |  5.0
Dodging        | 3 4 5 |  5.0
Shields        | 3 |  3.0
Conjurations   | 1 3 |  3.0
Transmutations | 1 3 |  3.0
Translocations | 2 |  2.0
Throwing       | |  0.2

Action                     |  1- 3 |  4- 6 |  7- 9 | 10-12 | 13-15 || total
---------------------------+-------+-------+-------+-------+-------++-------
  Melee: Dagger            |     2 |     1 |     3 |       |       ||     6
         Constrict         |     1 |     1 |     1 |       |       ||     3
         Tentacles         |       |     1 |     2 |       |       ||     3
         Unarmed           |       |       |    11 |       |       ||    11
   Fire: Sling             |    61 |   155 |   440 |   419 |       ||  1075
         Orcbow            |       |       |       |   460 |   178 ||   638
  Throw: Dart              |       |       |       |    17 |     8 ||    25
   Cast: Jinxbite          |    11 |    34 |    52 |    62 |     1 ||   160
 Invoke: Heroism           |       |       |     7 |     7 |       ||    14
         Finesse           |       |       |       |     3 |     2 ||     5
  Evoke: Wand              |       |       |     3 |    22 |     2 ||    27
    Use: Potion            |     1 |       |     1 |     3 |     2 ||     7
         Scroll            |       |     1 |    14 |     5 |     5 ||    25
   Stab: Confused          |       |       |     1 |       |       ||     1
 Armour: Skin              |    16 |    28 |    70 |   134 |    55 ||   303
  Dodge: Dodged            |    17 |    36 |   147 |   369 |    73 ||   642
  Block: Buckler           |       |       |       |     8 |       ||     8

Table legend: (Time is in decaauts)
 A = Elapsed time spent in this place.
 B = Non-inter-level travel time spent in this place.
 C = Inter-level travel time spent in this place.
 D = Time resting spent in this place.
 E = Time spent auto-exploring this place.
 F = Levels seen in this place.
 G = Mean time per level.
                   A        B        C        D        E       F      G
               +--------+--------+--------+--------+--------+-----+--------+
         Total |  21857 |  19536 |   2321 |   1929 |  13411 |  18 | 1214.3 |
       Dungeon |  16862 |  14836 |   2026 |   1577 |  10363 |  11 | 1532.9 |
        Temple |     12 |      6 |      6 |      0 |      0 |   1 |   12.0 |
          Lair |   4354 |   4067 |    287 |    213 |   2955 |   4 | 1088.5 |
  Orcish Mines |    348 |    348 |      0 |    106 |     29 |   1 |  348.0 |
        Bailey |    279 |    279 |      0 |     31 |     64 |   1 |  279.0 |
               +--------+--------+--------+--------+--------+-----+--------+

Top non-repeatable levels by time:
     D:3: 2555 daAuts
     D:8: 2100 daAuts
     D:9: 1729 daAuts
     D:6: 1709 daAuts
     D:4: 1607 daAuts
     D:5: 1605 daAuts
  Lair:3: 1559 daAuts
  Lair:1: 1546 daAuts
     D:7: 1528 daAuts
  Lair:2: 1238 daAuts
    D:11: 1152 daAuts
    D:10: 1151 daAuts
     D:2: 1102 daAuts
     D:1: 619 daAuts
   Orc:1: 348 daAuts
